Map: Odissea LE

Players

sOmber

  • Race: Protoss Protoss
  • League: Platinum
  • Spawn Location: 5:00

Trebo - Winner!

  • Race: Protoss Protoss
  • League: Platinum
  • Spawn Location: 11:00

VOD

Have the link to the VOD?

Description

Time

  • Played on: Jan. 6, 2018, 3 p.m.
  • Length: 12:53
Show
View Real Time Build Order
Export as new Build Order

sOmber Protoss 

Build Orders: Zealot Archon 

Get SALT Encoding   

  12  0:01  Probe  
  13  0:13  Probe (Chrono Boost)  
  14  0:18  Pylon  
  14  0:25  Probe (Chrono Boost)  
  15  0:34  Probe (Chrono Boost)  
  15  0:39  Forge  
  16  1:03  Pylon  
  16  1:05  Pylon  
  16  1:06  Pylon  
  16  1:24  Photon Cannon x2  
  15  1:36  Probe (Chrono Boost)  
  16  1:44  Gateway  
  16  1:46  Probe (Chrono Boost)  
  17  2:05  Probe (Chrono Boost)  
  18  2:10  Assimilator  
  18  2:14  Assimilator, Probe (Chrono Boost)  
  19  2:19  Probe (Chrono Boost)  
  19  2:20  Photon Cannon  
  20  2:36  Probe  
  21  2:49  Probe  
  22  2:52  Nexus  
  22  3:04  Pylon  
  22  3:08  Probe  
  23  3:22  Cybernetics Core  
  23  3:25  Gateway  
  23  3:33  Gateway  
  23  3:46  Pylon, Probe  
  24  3:57  Photon Cannon  
  24  4:01  Probe (Chrono Boost)  
  25  4:04  Probe (Chrono Boost)  
  26  4:14  Probe (Chrono Boost)  
  26  4:15  Probe (Chrono Boost)  
  28  4:21  Probe (Chrono Boost)  
  28  4:24  Warp Gate  
  30  4:25  Stalker  
  30  4:28  Probe (Chrono Boost)  
  30  4:30  Probe (Chrono Boost)  
  33  4:35  Probe x2 (Chrono Boost)  
  35  4:42  Stalker  
  37  4:46  Probe  
  37  4:47  Probe  
  37  4:51  Stalker  
  41  4:54  Protoss Ground Weapons Level 1 (Chrono Boost)  
  41  4:59  Probe x2  
  43  5:11  Probe x2  
  43  5:12  Assimilator  
  45  5:14  Assimilator  
  45  5:17  Stalker x2  
  49  5:22  Pylon  
  49  5:24  Probe (Chrono Boost)  
  50  5:28  Twilight Council  
  50  5:30  Probe (Chrono Boost)  
  52  5:41  Probe (Chrono Boost)  
  52  5:42  Probe (Chrono Boost)  
  55  5:50  Probe (Chrono Boost)  
  55  5:51  Probe (Chrono Boost)  
  55  5:53  Gateway  
  55  5:55  Gateway  
  55  5:57  Gateway  
  55  6:01  Charge (Chrono Boost)  
  55  6:15  Templar Archives  
  55  6:22  Gateway  
  55  6:29  Gateway  
  55  6:39  Robotics Facility  
  55  6:43  Pylon  
  55  6:44  Pylon  
  55  6:53  Stalker x4  
  55  6:54  Stalker  
  65  6:57  Gateway  
  65  7:13  Pylon  
  65  7:20  High Templar x2  
  65  7:21  High Templar x3  
  75  7:35  Pylon  
  75  7:38  Pylon  
  75  7:44  Pylon  
  75  7:52  Archon x2  
  75  7:54  High Templar x2  
  75  7:55  High Templar  
  81  8:01  Archon  
  81  8:02  Archon  
  81  8:03  Nexus  
  81  8:06  Pylon  
  81  8:07  Assimilator  
  81  8:12  Observer (Chrono Boost)  
  82  8:17  Probe x2  
  84  8:20  Protoss Ground Armor Level 1 (Chrono Boost)  
  84  8:25  Warp Prism (Chrono Boost)  
  86  8:30  Blink (Chrono Boost)  
  86  8:41  Probe (Chrono Boost)  
  88  8:46  Probe (Chrono Boost)  
  88  8:50  High Templar  
  88  8:51  Probe (Chrono Boost)  
  88  8:54  Zealot  
  88  8:55  Zealot x5, Probe (Chrono Boost)  
  102  8:56  Zealot x2  
  108  9:06  Photon Cannon  
  108  9:23  High Templar x3  
  114  9:27  Archon x2  
  114  9:40  Adept  
  116  10:03  Protoss Ground Weapons Level 2 (Chrono Boost)  
  116  10:05  High Templar x2  
  120  10:22  Nexus  
  120  10:23  Archon  
  120  10:25  Assimilator  
  120  10:29  Assimilator  
  120  10:33  Pylon  
  120  10:34  Pylon  
  120  10:36  Pylon  
  120  11:03  High Templar x4  
  122  11:10  Archon  
  122  11:11  Archon  
  122  11:14  Zealot x3  
  122  11:15  Zealot x2  
  56  12:26  High Templar x6  
  56  12:27  High Templar  
  70  12:30  Zealot x2  
  70  12:32  Archon x3  
Show
View Real Time Build Order
Export as new Build Order

Trebo Protoss - Winner!

Build Orders:  

Get SALT Encoding   

  12  0:02  Probe  
  13  0:14  Probe  
  13  0:19  Pylon  
  14  0:26  Probe  
  15  0:38  Probe  
  15  0:41  Gateway  
  16  0:51  Probe (Chrono Boost)  
  16  0:54  Assimilator  
  17  1:03  Probe (Chrono Boost)  
  18  1:08  Probe (Chrono Boost)  
  19  2:15  Nexus  
  19  3:32  Probe (Chrono Boost)  
  20  3:37  Assimilator  
  21  3:42  Probe (Chrono Boost)  
  21  3:47  Probe (Chrono Boost)  
  21  3:53  Pylon  
  22  4:06  Pylon  
  22  4:16  Nexus  
  22  4:17  Gateway  
  22  4:23  Gateway  
  22  4:31  Gateway  
  22  4:41  Probe (Chrono Boost), Gateway  
  23  4:51  Probe (Chrono Boost)  
  24  4:56  Probe (Chrono Boost)  
  25  5:06  Cybernetics Core  
  25  5:07  Pylon, Probe  
  25  5:11  Zealot x2  
  30  5:18  Zealot  
  32  5:28  Zealot  
  34  5:31  Probe (Chrono Boost)  
  34  5:32  Probe (Chrono Boost)  
  36  5:42  Probe x2 (Chrono Boost)  
  38  5:43  Warp Gate (Chrono Boost)  
  38  5:46  Probe x2 (Chrono Boost)  
  40  5:50  Zealot x2  
  40  5:52  Zealot  
  46  5:57  Probe  
  46  5:58  Probe  
  46  5:59  Pylon  
  46  6:03  Zealot  
  50  6:09  Probe  
  50  6:10  Probe  
  52  6:17  Zealot x2  
  52  6:18  Assimilator  
  56  6:19  Zealot  
  56  6:21  Assimilator, Probe  
  56  6:22  Probe  
  60  6:30  Zealot  
  62  6:34  Probe x2  
  64  6:41  Twilight Council  
  64  6:46  Probe  
  65  6:49  Robotics Facility  
  65  6:55  Probe  
  66  7:02  Robotics Facility  
  66  7:09  Stargate  
  66  7:11  Stargate  
  66  7:19  Charge (Chrono Boost)  
  70  7:28  Nexus  
  70  7:30  Pylon  
  70  7:32  Pylon  
  70  7:34  Stargate  
  66  7:55  Gateway  
  66  7:56  Gateway  
  66  7:59  Gateway  
  66  8:01  Gateway  
  66  8:04  Pylon  
  66  8:07  Void Ray x2  
  74  8:21  Assimilator  
  74  8:22  Assimilator  
  74  8:23  Void Ray  
  74  8:26  Assimilator  
  78  8:51  Probe  
  78  8:52  Probe x2  
  78  8:55  Void Ray, Protoss Air Weapons Level 1 (Chrono Boost)  
  81  8:57  Void Ray  
  89  9:03  Probe  
  89  9:04  Probe x2  
  92  9:12  Void Ray  
  92  9:16  Probe  
  97  9:21  Probe  
  98  9:30  Nexus  
  98  9:39  Void Ray  
  98  9:43  Void Ray  
  106  9:59  Pylon  
  106  10:17  Void Ray  
  110  10:22  Void Ray  
  114  10:42  Void Ray  
  118  10:53  Probe x4  
  122  11:05  Void Ray, Probe x2 (Chrono Boost)  
  122  11:06  Probe (Chrono Boost)  
  122  11:07  Probe (Chrono Boost)  
  130  11:18  Pylon, Probe x2 (Chrono Boost)  
  132  11:20  Pylon  
  132  11:22  Pylon  
  132  11:27  Pylon  
  132  11:37  Void Ray  
  132  11:38  Void Ray  
  140  11:40  Probe  
  140  11:41  Probe x3  
  129  12:02  Zealot  
  129  12:03  Zealot x5  
  129  12:04  Zealot x2  
  135  12:39  Pylon  
  133  12:48  Zealot x6  
  133  12:49  Zealot  
Tags
 
Composition
Zealot Archon
Matchup
PvP
Spawn Locations
Cross Positions
Add a new tag
Caveats
  • Supply blocks, unpowered buildings, or Contaminate may cause inaccurate times.
  • Supply counts are checked every 10 seconds.